 Dungeon Crawl Stone Soup version 0.27-a0-1200-g94dc6ad4cf (webtiles) character file.

Game seed: 7104844819482126715

52 Lanoc the Stinger (level 3, -1/27 HPs)
             Began as a Demonspawn Venom Mage on June 2, 2021.
             Slain by an iron imp (5 damage)
             ... summoned by Natasha
             ... on level 2 of the Dungeon.
             The game lasted 00:05:56 (2383 turns).

Lanoc the Stinger (Demonspawn Venom Mage)           Turns: 2383, Time: 00:05:56

Health: -1/27      AC:  2    Str:  8    XL:     3   Next: 60%
Magic:  0/6        EV: 12    Int: 16    God:
Gold:   79         SH:  0    Dex: 14    Spells: 5/6 levels left

rFire    + . .     SeeInvis .   i - +0 dagger (protect)
rCold    . . .     Faith    .   (no shield)
rNeg     . . .     Spirit   .   a - +0 robe
rPois    .         Reflect  .   (no helmet)
rElec    .         Harm     .   (no cloak)
rCorr    .         Rampage  .   (no gloves)
Will     +....                  (no boots)
Stlth    ++........             (no amulet)
HPRegen  0.09/turn              b - ring of protection from fire
MPRegen  0.10/turn              h - ring of willpower

@: brilliant, very slightly contaminated
A: foul stench 1
a: no special abilities


You were on level 2 of the Dungeon.
You visited 1 branch of the dungeon, and saw 2 of its levels.

You collected 79 gold pieces.

Inventory:

Hand Weapons
 i - a +0 dagger of protection (weapon)
Missiles
 f - a throwing net
Armour
 a - a +0 robe (worn)
Jewellery
 b - a ring of protection from fire (left hand)
 g - a ring of flight
 h - a ring of willpower (right hand)
Potions
 d - a potion of curing {unknown}


   Skills:
 + Level 2.2 Fighting
 + Level 2.8 Dodging
 - Level 1.7 Stealth
 - Level 2.0 Spellcasting
 - Level 0.8 Transmutations
 - Level 3.0 Poison Magic


You had 5 spell levels left.
You knew the following spells:

 Your Spells              Type           Power      Damage    Failure   Level
a - Sting                 Tmut/Pois      44%        1d5       10%         1

Your spell library contained the following spells:

 Spells                   Type           Power      Damage    Failure   Level
 Poisonous Vapours        Pois/Air       18%        N/A       17%         2
 Ignite Poison            Fire/Tmut/Pois 8%         N/A       36%         3
 Mephitic Cloud           Conj/Pois/Air  7%         N/A       38%         3
 Olgreb's Toxic Radiance  Pois           16%        N/A       52%         4


Dungeon Overview and Level Annotations

Branches:
Dungeon (2/15)

Altars:

Annotations:
D:2 Natasha


Innate Abilities, Weirdness & Mutations

You may rarely emit foul miasma when damaged in melee.


Message History

Aiming: Sting (safe; 10% risk of failure)
Press: ? - help, Shift-Dir - straight line, f/p - Natasha
Aim: Natasha (lightly wounded, poisoned, 60% to hit)
You miscast Sting.
You are very lightly contaminated with residual magic.
Nothing appears to happen.
Natasha looks more healthy.
You kill the quokka!
The iron imp closely misses you. Natasha barely misses you.
The crimson imp hits you.
* * * LOW HITPOINT WARNING * * *
Casting: Sting (safe; 10% risk of failure)
Confirm with . or Enter, or press ? or * to list all spells.
Aiming: Sting (safe; 10% risk of failure)
Press: ? - help, Shift-Dir - straight line, f/p - Natasha
Aim: Natasha (lightly wounded, 60% to hit)
The sting hits Natasha but does no damage.
Natasha is poisoned.
Natasha is lightly wounded.
The iron imp barely misses you. Natasha barely misses you.
The crimson imp closely misses you.
You hit Natasha but do no damage.
Your weapon exudes an aura of protection.
Natasha is moderately wounded.
Natasha barely misses you.
The iron imp shouts, "Submit, thou dissembling swag-bellied slime mould!"
The iron imp misses you. The crimson imp barely misses you.
You closely miss Natasha.
Natasha is moderately wounded.
The crimson imp disappears in a puff of smoke!
Natasha claws you but does no damage. The crimson imp closely misses you.
You closely miss Natasha.
Natasha is moderately wounded.
The iron imp hits you but does no damage.
Natasha growls.
Natasha claws you but does no damage. The crimson imp hits you.
* * * LOW HITPOINT WARNING * * *
It was a potion of brilliance.
You feel clever all of a sudden. The iron imp hits you.
You die...

#..# #. ..# ##
#. .....#
#.##.#..####
#...)#......
#.......#### #
+...†.......
###....
#..5h######.
......# ####@#
###.#.# #5#
###.# #.# ###
....# ########.#
#.. #####
#......#.# #.#
#.####.#.# #.#
######
#.#......# #.#
.....#
#.#......# #.#
.......
#.#####..####†##


You could see an iron imp (summoned), Natasha (poisoned) and a crimson imp
(summoned).

Vanquished Creatures
  A worm (D:2)
  A dart slug (D:1)
  3 endoplasms (D:1)
  3 giant cockroaches
  4 goblins
  4 hobgoblins
  7 jackals (D:1)
  3 quokkas
  5 ball pythons
  2 bats (D:1)
  4 frilled lizards (D:1)
  3 kobolds (D:1)
  4 rats
44 creatures vanquished.

Notes
Turn   | Place    | Note
-------+----------+-------------------------------------------
     0 | D:1      | Lanoc the Demonspawn Venom Mage began the quest for the
                  | Orb.
     0 | D:1      | Reached XP level 1. HP: 13/13 MP: 3/3
   249 | D:1      | Reached skill level 1 in Fighting
   334 | D:1      | Gained mutation: You may rarely emit foul miasma when
                  | damaged in melee. [demonic ancestry]
   334 | D:1      | Reached XP level 2. HP: 3/21 MP: 1/5
  1397 | D:1      | Reached XP level 3. HP: 27/27 MP: 3/6
  2366 | D:2      | Noticed Natasha
  2383 | D:2      | Slain by an iron imp

Illustrated notes

Levels and vault maps discovered:
D:1:      nicolae_arrival_memento_mori, layout_basic
D:2:      minmay_alternating_diamond, layout_basic, uniq_terence, uniq_natasha

Skill      XL: |  1  2  3 |
---------------+----------+-----
Dodging        | 2 |  2.8
Fighting       | 1 2 |  2.2
Stealth        | |  1.7
Spellcasting   | |  2.0
Transmutations | |  0.8
Poison Magic   | |  3.0

Action                   || total
-------------------------++-------
Melee: Dagger            ||    42
       Unarmed           ||     7
 Cast: Sting             ||    86
  Use: Scroll            ||     1
       Potion            ||     1
Armor: Robe              ||    36
Dodge: Dodged            ||   115

Table legend: (Time is in decaauts)
 A = Elapsed time spent in this place.
 B = Non-inter-level travel time spent in this place.
 C = Inter-level travel time spent in this place.
 D = Time resting spent in this place.
 E = Time spent auto-exploring this place.
 F = Levels seen in this place.
 G = Mean time per level.
                   A        B        C        D        E       F      G
               +--------+--------+--------+--------+--------+-----+--------+
         Total |   2379 |   2346 |     33 |      0 |   1900 |   2 | 1189.5 |
       Dungeon |   2379 |   2346 |     33 |      0 |   1900 |   2 | 1189.5 |
               +--------+--------+--------+--------+--------+-----+--------+

Top non-repeatable levels by time:
     D:1: 1801 daAuts
     D:2: 578 daAuts
